 Dungeon Crawl Stone Soup version 0.16.1-51-g6203257 (webtiles) character file.

13570 Miyamura the Destroyer (level 11, -6/85 HPs)
             Began as a Yellow Draconian Conjurer on July 14, 2015.
             Was a High Priest of Nemelex Xobeh.
             Mangled by a black mamba (17 damage)
             ... on level 2 of the Lair of Beasts.
             The game lasted 01:06:16 (16070 turns).

Miyamura the Destroyer (Yellow Draconian Conjurer) Turns: 16070, Time: 01:06:16

Health: -6/85      AC: 18    Str: 12    XL:     11   Next: 77%
Magic:  27/27      EV: 20    Int: 18    God:    Nemelex Xobeh [*****.]
Gold:   586        SH:  0    Dex: 11    Spells: 5 memorised, 8 levels left

rFire  . . .     SeeInvis +     y - +2 dagger (chaos) (curse)
rCold  . . .     Clarity  .     (armour unavailable)
rNeg   . . .     SustAb   .     (no shield)
rPois  .         Gourm    .     (helmet restricted)
rElec  .         Spirit   .     p - +2 cloak
rCorr  +         Warding  .     q - +2 pair of gloves
rMut   .         Stasis   .     (no boots)
MR     +....                    w - amulet of faith
Stlth  ++........               o - +5 ring of protection
                                C - +5 ring of evasion

@: lethally poisoned (-6 -> -31), somewhat resistant to hostile enchantments,
unstealthy
A: spit acid, acid resistance, unfitting armour, see invisible, frail 1, magic
resistance 1, spit poison 1, evolution 1, cold-blooded, AC +7
a: Spit Poison, Spit Acid, Triple Draw, Deal Four, Stack Five, Renounce Religion


You were on level 2 of the Lair of Beasts.
You worshipped Nemelex Xobeh.
Nemelex Xobeh was extremely pleased with you.
You were hungry.

You visited 3 branches of the dungeon, and saw 13 of its levels.

You collected 619 gold pieces.
You spent 33 gold pieces at shops.

Inventory:

Hand weapons
 a - a +1 dagger of venom
 y - a cursed +2 dagger of chaos (weapon)
 z - a +0 club of chaos
Armour
 p - a +2 cloak (worn)
 q - a +2 pair of gloves (worn)
Jewellery
 f - an uncursed ring of teleportation
 i - a +6 ring of intelligence
 o - a +5 ring of protection (right hand)
 w - an amulet of faith (around neck)
 C - a +5 ring of evasion (left hand)
 F - the ring of Mirth {+Fly SInv}
   (You found it on level 6 of the Dungeon)

   [ring of flight]

   It enhances your eyesight.
   It lets you fly.
 J - an uncursed ring of sustain abilities
Magical devices
 s - a wand of paralysis (9)
 A - a wand of disintegration (9)
Scrolls
 r - 2 scrolls of teleportation
 B - 2 scrolls of recharging
 E - 2 scrolls of remove curse
Potions
 d - 2 potions of cure mutation
 g - a potion of resistance {unknown}
 j - 6 potions of curing
 k - a potion of haste
 l - a potion of restore abilities
 t - 3 potions of magic
 x - 2 potions of agility
Books
 c - a book of Conjurations

   Spells                             Type                      Level
   a - Magic Dart                     Conjuration                  1
   b - Searing Ray                    Conjuration                  2
   c - Dazzling Spray                 Conjuration/Hexes            3
   d - Fulminant Prism                Conjuration/Hexes            4
   e - Iskenderun's Mystic Blast      Conjuration                  4
   f - Iskenderun's Battlesphere      Conjuration/Charms           5
 K - an Akashic Record {highlevel}

   This book is beyond your current level of understanding.

   Spells                             Type                      Level
   a - Dispersal                      Translocation                6
   b - Controlled Blink               Translocation                7
   c - Malign Gateway                 Summoning/Translocation      7
   d - Disjunction                    Translocation                8
   e - Singularity                    Translocation                9
 L - a book of Air

   Spells                             Type                      Level
   a - Shock                          Conjuration/Air              1
   b - Swiftness                      Charms/Air                   2
   c - Repel Missiles                 Charms/Air                   2
   d - Flight                         Charms/Air                   3
   e - Static Discharge               Conjuration/Air              3
   f - Lightning Bolt                 Conjuration/Air              5
Miscellaneous
 e - a plain deck of war {drawn: 6}
 m - an ornate deck of war {drawn: 2}
 n - a legendary deck of destruction {drawn: 1}
 u - a legendary deck of destruction {the Orb}
 v - an ornate deck of war
 G - a plain deck of destruction {drawn: 2}
Comestibles
 b - 8 bread rations
 D - 9 fruits
 H - a chunk of flesh
 I - 8 slices of pizza


   Skills:
 + Level 8.5 Fighting
 + Level 7.3 Short Blades
 + Level 7.4 Dodging
 - Level 1.7 Stealth
 + Level 7.6 Spellcasting
 + Level 8.8 Conjurations
 + Level 2.1 Air Magic
 + Level 8.5 Evocations


You had 8 spell levels left.
You knew the following spells:

 Your Spells              Type           Power        Failure   Level  Hunger
b - Iskenderun's Mystic   Conj           #####...     2%          4    ###....
f - Flight                Chrm/Air       ##........   24%         3    #......
l - Lightning Bolt        Conj/Air       ####......   34%         5    #####..
r - Dazzling Spray        Conj/Hex       ###.....     6%          3    #......
s - Swiftness             Chrm/Air       ##......     12%         2    None


Dungeon Overview and Level Annotations

Branches:
Dungeon (10/15)            Temple (1/1) D:4            Lair (2/8) D:9
    Orc (0/4) D:9

Altars:
Ashenzari
Cheibriados
Dithmenos
Elyvilon
Fedhas
Gozag
Kikubaaqudgha
Makhleb
Nemelex Xobeh
Okawaru
Qazlal
Ru
Sif Muna
Trog
Vehumet
Xom
Yredelemnul
Zin
The Shining One

Shops:
D:8 :   D:9 *   D:10 :


Innate Abilities, Weirdness & Mutations

You can spit globs of acid.
You can corrode armour when you spit acid.
You are resistant to acid.
Your golden yellow scales are hard (AC +7).
Your body does not fit into most forms of armour.
Your cold-blooded metabolism reacts poorly to cold.
You have supernaturally acute eyesight.
You are frail (-10% HP).
You are resistant to hostile enchantments.
You can spit poison.
You evolve.


Message History

You feel sick.
Your centaur completely misses the black mamba.
The black mamba bites you!
* * * LOW HITPOINT WARNING * * *
You are lethally poisoned!
The black mamba poisons you!
You completely miss the black mamba.
The black mamba is almost dead.
* * * LOW HITPOINT WARNING * * *
You feel sick.
The black mamba bites you but does no damage.
Your centaur closely misses the black mamba.
The black mamba completely misses you.
Your centaur closely misses the black mamba.
You barely miss the black mamba.
The black mamba is almost dead.
* * * LOW HITPOINT WARNING * * *
You feel sick. The black mamba bites you!
You die...
Your body glows with a rainbow of weird colours and disappears.

##..###.#.........#..#
.
#...#.###.....#.###....
##........##.... .##
##.......#####.. .
#P........#..##.
#...+....##..# .
##..P#..#....#
#....+####..#
#..........@#
#.....?....S#
P.........c...♣
.................
................#
................
..#####....P.. .
#...... ..[..#


You could see a black mamba and a friendly centaur.

Vanquished Creatures
  4 spiny frogs
  A komodo dragon (D:8)
  2 fire drakes
  A two-headed ogre (D:9)
  A basilisk (Lair:1)
  A deep elf mage (D:9)
  A human (D:7)
  A wraith (D:10)
  A wyvern (D:8)
  4 yaks
  4 hippogriffs
  Edmund (D:6)
  A wolf (Lair:2)
  4 water moccasins
  7 porcupines
  3 phantoms
  3 ogres
  5 sky beasts
  A wasp (D:8)
  An ice beast (D:10)
  Sigmund (D:2)
  A big kobold (D:10)
  4 centaurs
  3 crocodiles (Lair:1)
  5 giant frogs
  A wyvern skeleton (D:9)
  2 killer bees (D:10)
  4 jellies
  A quasit (D:9)
  3 hounds
  6 crimson imps
  7 orc priests
  2 goliath beetles
  A giant frog skeleton (D:9)
  7 iguanas
  3 worker ants
  7 orc wizards
  4 sheep
  Ijyb (D:2)
  2 hound zombies (D:6)
  2 mummies
  A worker ant zombie (D:6)
  6 adders
  2 gnolls (D:6)
  2 giant mites
  A shadow imp (D:8)
  3 worms
  An adder skeleton (D:4)
  13 giant geckos
  4 oozes
  40 orcs
  A ball python (D:4)
  13 bats
  A bat zombie (D:7)
  3 giant cockroaches
  11 hobgoblins
  20 jackals
  5 quokkas
  A giant gecko skeleton (D:4)
  6 giant newts
  11 goblins
  2 jackal skeletons
  27 kobolds
  A quokka zombie (D:7)
  9 rats
298 creatures vanquished.

Vanquished Creatures (collateral kills)
  A hydra (Lair:2)
  The ghost of Goblin1989 the Grappler, a powerful VSMo of Zin (Lair:2)
  A shining eye (Lair:1)
  A black mamba (Lair:1)
  3 spiny frogs
  2 gargoyles (D:10)
  A komodo dragon (Lair:2)
  A troll (D:10)
  Prince Ribbit (D:5)
  A raven (Lair:2)
  17 yaks
  Eustachio (D:6)
  A golden eye (Lair:1)
  A water moccasin (Lair:1)
  A phantom (D:5)
  2 centaurs
  3 giant frogs
  3 killer bees (D:10)
  2 crimson imps
  A gnoll shaman (D:6)
  An orc priest (D:10)
  3 orc wizards
  3 sheep (Lair:2)
  4 gnolls (D:6)
  2 adders
  2 orcs
  A jackal (D:2)
  A giant newt (D:2)
62 creatures vanquished.

Vanquished Creatures (others)
  A sixfirhy (D:10)
  A yaktaur (Lair:2)
  An air elemental (Lair:1)
  A water elemental (Lair:1)
  A dancing weapon (D:7)
  A hell hound (D:10)
  A water moccasin (Lair:1)
  A boring beetle (Lair:1)
  4 centaurs
  A giant frog (D:9)
  A killer bee (D:10)
  2 fungi (Lair:2)
  A plant (Lair:2)
17 creatures vanquished.

Grand Total: 377 creatures vanquished

Notes
Turn   | Place    | Note
--------------------------------------------------------------
     0 | D:1      | Miyamura, the Draconian Conjurer, began the quest for the Orb.
     0 | D:1      | Reached XP level 1. HP: 14/14 MP: 3/3
   106 | D:1      | Reached XP level 2. HP: 20/22 MP: 4/4
   116 | D:1      | Found a sparkling altar of Nemelex Xobeh.
   203 | D:1      | Became a worshipper of Nemelex Xobeh the Trickster
   561 | D:1      | Received a gift from Nemelex Xobeh
   883 | D:1      | Reached skill level 1 in Fighting
   883 | D:1      | Reached XP level 3. HP: 26/28 MP: 6/6
   904 | D:1      | Learned a level 3 spell: Dazzling Spray
  1020 | D:2      | Noticed Ijyb
  1149 | D:2      | Killed Ijyb
  1155 | D:2      | Noticed Sigmund
  1161 | D:2      | Killed Sigmund
  1161 | D:2      | Reached skill level 1 in Evocations
  1161 | D:2      | Reached XP level 4. HP: 33/36 MP: 8/8
  1213 | D:2      | Reached XP level 5. HP: 38/41 MP: 9/9
  1288 | D:2      | Learned a level 4 spell: Iskenderun's Mystic Blast
  1424 | D:2      | Found a burning altar of Makhleb.
  1674 | D:2      | Received a gift from Nemelex Xobeh
  2103 | D:2      | Reached XP level 6. HP: 19/50 MP: 13/13
  2467 | D:3      | Reached skill level 1 in Short Blades
  2821 | D:4      | Found a shadowy altar of Dithmenos.
  2956 | D:4      | Reached skill level 5 in Conjurations
  3117 | D:4      | Found a staircase to the Ecumenical Temple.
  3122 | Temple   | Entered the Ecumenical Temple
  3553 | D:4      | Received a gift from Nemelex Xobeh
  3787 | D:4      | Your scales start taking on a golden yellow colour.
  3787 | D:4      | Reached XP level 7. HP: 55/57 MP: 5/15
  3847 | D:4      | Found a shimmering altar of Xom.
  4063 | D:5      | Entered Level 5 of the Dungeon
  4177 | D:5      | Found an opulent altar of Gozag.
  4232 | D:5      | Found a basalt altar of Yredelemnul.
  4485 | D:5      | Gained mutation: You evolve. [mutagenic meat]
  4486 | D:5      | Gained mutation: You can spit poison. [mutagenic meat]
  4976 | D:5      | Noticed Prince Ribbit
  4983 | D:5      | Killed Prince Ribbit
  5280 | D:5      | Received a gift from Nemelex Xobeh
  5875 | D:6      | Reached XP level 8. HP: 29/66 MP: 15/18
  6183 | D:6      | Noticed Edmund
  6215 | D:6      | Killed Edmund
  6649 | D:6      | Reached skill level 6 in Conjurations
  6749 | D:6      | Got a crude wooden ring
  6767 | D:6      | Identified the ring of Mirth {+Fly SInv} (You found it on level 6 of the Dungeon)
  6939 | D:6      | Received a gift from Nemelex Xobeh
  7098 | D:7      | Noticed Eustachio
  7199 | D:6      | Killed Eustachio
  7394 | D:7      | Received a gift from Nemelex Xobeh
  8026 | D:7      | Reached skill level 5 in Fighting
  8026 | D:7      | Reached skill level 5 in Evocations
  8112 | D:7      | Reached XP level 9. HP: 74/74 MP: 20/20
  8115 | D:7      | Acquired Nemelex Xobeh's first power
  8492 | D:7      | Reached skill level 5 in Spellcasting
  9219 | D:7      | Found a bloodstained altar of Trog.
  9256 | D:8      | Found a stormy altar of Qazlal.
  9259 | D:8      | Reached skill level 5 in Dodging
 10231 | D:8      | Received a gift from Nemelex Xobeh
 10455 | D:8      | Reached skill level 5 in Short Blades
 10469 | D:8      | Gained mutation: You can spit moderately strong poison. [mutagenic meat]
 10480 | D:8      | Found an iron altar of Okawaru.
 10596 | D:8      | Found Festag's Book Emporium.
 10642 | D:8      | Reached skill level 7 in Conjurations
 10988 | D:8      | Noticed a komodo dragon
 10996 | D:8      | Killed a komodo dragon
 10996 | D:8      | Reached XP level 10. HP: 80/84 MP: 4/23
 11034 | D:8      | Received a gift from Nemelex Xobeh
 11195 | D:9      | Found Waonyck's General Store.
 11196 | D:9      | Acquired Nemelex Xobeh's second power
 11337 | D:9      | Bought a potion of poison for 11 gold pieces
 11340 | D:9      | Bought a scroll of identify for 22 gold pieces
 11342 | D:9      | Found a staircase to the Lair.
 11441 | D:9      | Found a staircase to the Orcish Mines.
 11672 | D:9      | Lost mutation: You can spit moderately strong poison. [mutagenic meat]
 11673 | D:9      | Gained mutation: You are resistant to hostile enchantments. [mutagenic meat]
 11682 | D:9      | Gained mutation: You have supernaturally acute eyesight. [mutagenic meat]
 11683 | D:9      | Gained mutation: You are frail (-10% HP). [mutagenic meat]
 11735 | D:9      | Received a gift from Nemelex Xobeh
 12068 | D:10     | Entered Level 10 of the Dungeon
 12281 | D:10     | Found Stroyxuo's Book Shoppe.
 12672 | D:10     | Received a gift from Nemelex Xobeh
 13085 | D:10     | Reached skill level 8 in Conjurations
 13562 | Lair:1   | Entered Level 1 of the Lair of Beasts
 13588 | Lair:1   | Acquired Nemelex Xobeh's third power
 13636 | Lair:1   | Received a gift from Nemelex Xobeh
 14104 | Lair:1   | Reached XP level 11. HP: 82/82 MP: 25/25
 14234 | Lair:1   | Received a gift from Nemelex Xobeh
 14325 | Lair:1   | Noticed a black mamba
 14341 | Lair:1   | Killed a black mamba
 14357 | Lair:1   | Noticed a seven-headed hydra
 14379 | Lair:1   | Noticed a fire dragon
 14379 | Lair:1   | a seven-headed hydra changed into a fire dragon
 14381 | Lair:1   | a fire dragon changed into a shining eye
 14853 | Lair:1   | Received a gift from Nemelex Xobeh
 15220 | Lair:2   | Noticed an eight-headed hydra
 15410 | Lair:2   | Learned a level 3 spell: Flight
 15413 | Lair:2   | Learned a level 2 spell: Swiftness
 15419 | Lair:2   | Learned a level 5 spell: Lightning Bolt
 15696 | Lair:2   | Noticed Goblin1989's ghost (powerful VSMo)
 15708 | Lair:2   | Killed Goblin1989's ghost
 15708 | Lair:2   | Reached skill level 1 in Air Magic
 15838 | Lair:2   | Received a gift from Nemelex Xobeh
 15956 | Lair:2   | Killed an eight-headed hydra
 16070 | Lair:2   | Mangled by a black mamba

Action                   |  1- 3 |  4- 6 |  7- 9 | 10-12 || total
-------------------------+-------+-------+-------+-------++-------
Melee: Dagger            |    75 |   228 |   585 |   644 ||  1532
       Short sword       |       |    14 |   556 |       ||   570
 Cast: Iskenderun's Myst |       |     3 |    11 |    10 ||    24
       Dazzling Spray    |       |     1 |     1 |     1 ||     3
 Abil: Spit Acid         |       |       |    21 |     4 ||    25
       Spit Poison       |       |       |    11 |     4 ||    15
Evoke: Deck              |     2 |     6 |    26 |    43 ||    77
       Wand              |       |       |     9 |       ||     9
  Use: Scroll            |     1 |     7 |     8 |     8 ||    24
       Potion            |       |     2 |     3 |     1 ||     6
 Stab: Sleeping          |       |     1 |     1 |     3 ||     5
       Invisible         |       |     1 |       |       ||     1
       Paralysed         |       |       |     1 |     9 ||    10
       Petrifying        |       |       |     1 |     4 ||     5
       Confused          |       |       |       |     7 ||     7
       Petrified         |       |       |       |     1 ||     1
  Eat: Chunk             |     1 |    16 |    33 |     7 ||    57
       Beef jerky        |       |       |     1 |     2 ||     3
       Pizza             |       |       |     1 |       ||     1
       Meat ration       |       |       |     1 |     1 ||     2
